 Dungeon Crawl Stone Soup version 0.20.1-1-g8b1a95d (webtiles) character file.

59 KingStallion the Slasher (level 4, 0/55 HPs)
             Began as a Barachi Berserker on Nov 2, 2017.
             Was a Follower of Trog.
             Killed by nerve-wracking pain
             ... invoked by Grinder
              (12 damage)
             ... on level 3 of the Dungeon.
             The game lasted 00:03:18 (1179 turns).

KingStallion the Slasher (Barachi Berserker)        Turns: 1179, Time: 00:03:19

Health: 0/55       AC:  2    Str: 23    XL:     4   Next: 3%
Magic:  4/4        EV: 13    Int:  8    God:    Trog [*.....]
Gold:   46         SH:  0    Dex: 12    Spells: 3/3 levels left

rFire    + . .     SeeInvis .   a - +0 falchion
rCold    + . .     Gourm    .   (no shield)
rNeg     . . .     Faith    .   b - +0 animal skin
rPois    +         Spirit   .   (no helmet)
rElec    +         Reflect  .   (no cloak)
rCorr    +         Harm     .   (no gloves)
MR       .....                  (no boots)
Stlth    ..........             (no amulet)
Regen    0.2/turn               (no ring)
MPRegen  0.1/turn               (no ring)

@: berserking, resistant, very quick
A: +LOS, swims, slowness 1, strong legs 1
a: Hop, Berserk, Burn Spellbooks, Renounce Religion


You were on level 3 of the Dungeon.
You worshipped Trog.
Trog was aware of your devotion.
You were very hungry.

You visited 1 branch of the dungeon, and saw 3 of its levels.

You collected 46 gold pieces.

Inventory:

Hand Weapons
 a - a +0 falchion (weapon)
Armour
 b - a +0 animal skin (worn)
Scrolls
 d - a scroll of enchant armour {unknown}
 e - 2 scrolls of fear {unknown}
 f - a scroll of teleportation {unknown}
 g - 2 scrolls of identify {unknown}
 j - 2 scrolls of remove curse {unknown}
 k - a scroll of magic mapping {unknown}
 l - a scroll of fog {unknown}
 m - a scroll of random uselessness {unknown}
Comestibles
 c - 2 bread rations
 h - a meat ration
 i - a chunk of flesh
 n - a royal jelly
 o - a fruit


   Skills:
 + Level 4.2 Fighting
 + Level 4.7 Long Blades
 + Level 2.6 Armour
 + Level 2.8 Dodging
 + Level 0.4 Stealth


You had 3 spell levels left.
You didn't know any spells.

Dungeon Overview and Level Annotations

Branches:
Dungeon (3/15)

Altars:

Annotations:
D:3 Grinder


Innate Abilities, Weirdness & Mutations

Shadows flee at your approach. (+LOS)
You can swim through water.
You cover ground slowly.
You can hop short distances.


Message History

You hit the kobold.
You kill the kobold!
Trog accepts your kill.
There is a stone staircase leading down here.
You climb downwards.
A giant cockroach, a goblin, a hobgoblin and Grinder come into view.
Grinder shouts!
The hobgoblin shouts!
There is a stone staircase leading up here.
You are too injured to fight recklessly!
It was a potion of resistance.
You feel protected.
The goblin shouts!
You aren't carrying any potions.
A red film seems to cover your vision as you go berserk!
You feel yourself moving faster!
You feel mighty!
You are feeling very hungry.
You feel a strong urge to attack something.
Grinder gestures at you. Pain shoots through your body!
You die...

#.####
###....#
...g..
###.#...
#.....g#
####......#
.......s..#
#......#
#...5@<#
######.#
#.# #.# #.#
#.# #.# #.#
#.#


You could see Grinder, a giant cockroach, a hobgoblin and a goblin.

Vanquished Creatures
  2 adders (D:2)
  An ooze (D:1)
  A worm (D:2)
  A dart slug (D:1)
  2 leopard geckos (D:1)
  4 bats
  4 goblins
  6 hobgoblins (D:1)
  2 frilled lizards
  5 kobolds
  A rat (D:2)
29 creatures vanquished.

Notes
Turn   | Place    | Note
-------+----------+-------------------------------------------
     0 | D:1      | KingStallion the Barachi Berserker began the quest for the Orb.
     0 | D:1      | Reached XP level 1. HP: 18/18 MP: 1/1
   134 | D:1      | Reached XP level 2. HP: 21/25 MP: 2/2
   534 | D:1      | Reached XP level 3. HP: 5/30 MP: 3/3
  1168 | D:2      | Reached XP level 4. HP: 9/37 MP: 4/4
  1176 | D:3      | Noticed Grinder
  1179 | D:3      | Killed from afar by Grinder

Skill      XL: |  1  2 |
---------------+-------+-----
Long Blades    | 4 |  4.7
Fighting       | 4 |  4.2
Armour         | |  2.6
Dodging        | |  2.8
Stealth        | |  0.4

Action                   |  1- 3 |  4- 6 || total
-------------------------+-------+-------++-------
Melee: Falchion          |    85 |     3 ||    88
Invok: Berserk           |       |     1 ||     1
  Use: Potion            |     2 |     1 ||     3
  Eat: Chunk             |     1 |       ||     1
Armor: Animal skin       |    19 |       ||    19
Dodge: Dodged            |    88 |       ||    88
       Rpst.: Falchion   |    33 |       ||    33
